 Dungeon Crawl Stone Soup version 0.31.0-1-g2c135a0 (webtiles) character file.

Game seed: 17787793966560142026

93480 bonscott the Eclecticist (level 15, -16/109 HPs)
             Began as a Djinni Conjurer on Mar 1, 2024.
             Was the Champion of Makhleb.
             Demolished by a boulder beetle (48 damage)
             ... on level 11 of the Dungeon.
             The game lasted 02:41:39 (15073 turns).

bonscott the Eclecticist (Djinni Conjurer)         Turns: 15073, Time: 02:41:41

Health: -16/109    AC:  7    Str: 18    XL:     15   Next: 90%
Gold:   1406       EV: 22    Int: 29    God:    Makhleb [******] SH:  5 Dex: 11

rFire   + + +        I - staff "Etsagios" {rF+ rN+ rCorr Int+2 Stlth+ Necro}
rCold   . . .        j - +1 buckler "Jozxee" {Rampage +Blink rC+ Stlth-}
rNeg    + . .        a - +0 troll leather armour
rPois   ∞            F - +1 helmet {Int+3}
rElec   .            (no cloak)
rCorr   +            v - +0 pair of gloves
SInv    +            (boots unavailable)
Will    +....        K - amulet of regeneration
Stlth   +            M - ring of the Hare {EV+10}
HPRegen 1.98/turn    U - ring of the Messenger {rF++ rCorr Str+6 Int+2 SInv}
MPRegen 0.00/turn

%: rampage, infuse magic (-17 HP)
@: flying, studying Staves
A: sickness immunity, fire resistance 2, cold vulnerability 1, float, innate
caster, HP casting, extra vitality 1
a: Renounce Religion, Evoke Blink, Minor Destruction, Lesser Servant of Makhleb,
Major Destruction, Greater Servant of Makhleb


You were on level 11 of the Dungeon.
You worshipped Makhleb.
Makhleb was exalted by your worship.
You visited 2 branches of the dungeon, and saw 20 of its levels.
You also visited: Bailey and Ice Cave.

You collected 1406 gold pieces.

Inventory:

Hand Weapons
 l - a +1 whip of electrocution
 D - a +4 scimitar of flaming
 Z - a +2 antimagic demon trident
Missiles
 m - 35 poisoned darts
 y - 6 throwing nets
 z - 25 boomerangs
 C - 2 curare-tipped darts
 X - 9 javelins
Armour
 a - a +0 troll leather armour (worn)
 j - the +1 buckler "Jozxee" (worn) {Rampage +Blink rC+ Stlth-}
   (You acquired it on level 6 of the Dungeon)

   rC+:       It protects you from cold.
   +Blink:    It lets you blink.
   Rampage:   It bestows one free step when moving towards enemies.
   Stlth-:    It makes you less stealthy.
 k - a +2 tower shield
 v - a +0 pair of gloves (worn)
 A - the +2 pair of gloves of Iliemod {rCorr Str-4 Dex+7}
   (You found it on level 6 of the Dungeon)

   Str-4:     It affects your strength (-4).
   Dex+7:     It affects your dexterity (+7).
   rCorr:     It protects you from acid and corrosion.
 F - a +1 helmet of intelligence (worn)
 O - a +2 ring mail of willpower
Magical Staves
 I - the staff "Etsagios" (weapon) {rF+ rN+ rCorr Int+2 Stlth+ Necro}
   (You acquired it in a bailey)

   [staff of death]

   Base accuracy: +5 Base damage: 5 Base attack delay: 1.2 This weapon's minimum
   attack delay (0.6) is reached at skill level 12.
   Int+2:     It affects your intelligence (+2).
   rF+:       It protects you from fire.
   rN+:       It protects you from negative energy.
   rCorr:     It protects you from acid and corrosion.
   Stlth+:    It makes you more stealthy.
   Necro:     It increases the power of your Necromancy spells.
   It falls into the 'Staves' category.
   It is a one-handed weapon.
Jewellery
 r - the ring "Koji" {+Blink rPois Dex+3 Slay+4 Stlth-}
   (You acquired it on level 6 of the Dungeon)

   [ring of slaying]

   Dex+3:     It affects your dexterity (+3).
   Slay+4:    It affects your accuracy & damage with ranged weapons and melee
   (+4).
   rPois:     It protects you from poison +Blink: It lets you blink.
   Stlth-:    It makes you less stealthy.
 w - a ring of positive energy
 E - an amulet of reflection
 K - an amulet of regeneration (around neck)
 M - the ring of the Hare (left hand) {EV+10}
   (You acquired it in a bailey)

   [ring of evasion]

   EV+10:     It affects your evasion (+10).
 U - the ring of the Messenger (right hand) {rF++ rCorr Str+6 Int+2 SInv}
   (You found it on level 3 of the Lair of Beasts)

   [ring of strength]

   Str+6:     It affects your strength (+6).
   Int+2:     It affects your intelligence (+2).
   rF++:      It greatly protects you from fire.
   SInv:      It lets you see invisible.
   rCorr:     It protects you from acid and corrosion.
 V - a ring of protection from fire
Wands
 x - a wand of roots (20)
 J - a wand of charming (21)
 S - a wand of digging (3)
 Y - a wand of light (5)
Scrolls
 b - 9 scrolls of teleportation
 c - 6 scrolls of enchant armour
 h - 2 scrolls of blinking
 i - 2 scrolls of poison {unknown}
 o - a scroll of enchant weapon {unknown}
 q - a scroll of brand weapon
 B - a scroll of silence {unknown}
 H - 7 scrolls of fear
 P - 3 scrolls of fog {unknown}
 Q - a scroll of noise {unknown}
 R - a scroll of immolation {unknown}
 W - 3 scrolls of vulnerability
Potions
 d - a potion of enlightenment
 e - 4 potions of might
 f - 2 potions of resistance
 g - 4 potions of curing
 n - a potion of cancellation
 p - 4 potions of lignification
 s - 5 potions of heal wounds
 t - 7 potions of mutation
 u - 2 potions of attraction
 G - 4 potions of haste
 L - 2 potions of brilliance
 T - a potion of ambrosia
Miscellaneous
 N - a lightning rod (4/4)


   Skills:
 + Level 10.9 Fighting
 - Level 6.0 Throwing
 - Level 8.0 Armour
 - Level 4.0 Dodging
 - Level 1.5 Stealth
 - Level 4.0 Shields
 - Level 15.0 Spellcasting
 - Level 15.0 Conjurations
 - Level 15.0 Hexes
 - Level 15.0 Summonings
 - Level 15.0 Necromancy
 - Level 15.0 Translocations
 - Level 15.0 Fire Magic
 - Level 15.0 Ice Magic
 - Level 15.0 Air Magic
 - Level 15.0 Earth Magic
 - Level 15.0 Alchemy
 - Level 12.0 Evocations


You knew the following spells:

 Your Spells              Type           Power      Damage    Failure   Level
a - Necrotise             Necr           100%       1d9       0%          1
b - Jinxbite              Hex            100%       N/A       0%          2
c - Mephitic Cloud        Conj/Alch/Air  83%        N/A       1%          3
d - Magic Dart            Conj           100%       1d8       0%          1
e - Dispersal             Tloc           41%        N/A       1%          6
f - Fulminant Prism       Conj/Alch      41%        3d19      1%          4
l - Summon Lightning Spi  Summ/Air       83%        N/A       1%          4
m - Iskenderun's Mystic   Conj/Tloc      83%        2d16      1%          4
r - Searing Ray           Conj           100%       2d8       0%          2
v - Borgnjor's Vile Clut  Necr/Erth      52%        N/A       1%          5
w - Swiftness             Air            83%        N/A       1%          3
Your spell library was empty.

Dungeon Overview and Level Annotations

Branches:
Dungeon (15/15)            Temple (0/1) D:4            Lair (5/5) D:9
  Swamp (0/4) Lair:2       Spider (0/4) Lair:2        Slime (0/5) Lair:4
 Depths (0/4) D:15         Bailey (visited)           IceCv (visited)
    Orc: D:9-12      Vaults: D:13-14

Altars:
Cheibriados
Elyvilon
Hepliaklqana
Makhleb
Trog
Wu Jian
Xom
Zin
The Shining One
Jiyva

Shops:
D:5 :   D:7 =*   D:9 (   D:11 *

Annotations:
D:12 Fannar
Lair:5 3 runed translucent doors, Serogusm's ghost, journeyman CeHs


Innate Abilities, Weirdness & Mutations

You are immune to sickness and miasma.
You are immune to poison.
Your flesh is very heat resistant. (rF++)
You are vulnerable to cold. (rC-)
You float through the air rather than walking.
You learn spells naturally, not from books.
Your magical power is your life essence.
You have superior vitality. (+4 MHP)


Message History

Casting: Iskenderun's Mystic Blast (safe; 1% risk of failure)
Confirm with . or Enter, or press ? or * to list all spells.
You erupt in a blast of force!
The mystic blast hits the boulder beetle but does no damage.
The boulder beetle is severely wounded.
The boulder beetle barely misses you.
Unknown command.
Casting: Iskenderun's Mystic Blast (safe; 1% risk of failure)
Confirm with . or Enter, or press ? or * to list all spells.
You erupt in a blast of force!
The mystic blast hits the boulder beetle!
The boulder beetle is almost dead.
The boulder beetle is knocked back by the mystic blast.
The boulder beetle curls into a ball and begins rolling!
Casting: Iskenderun's Mystic Blast (safe; 1% risk of failure)
Confirm with . or Enter, or press ? or * to list all spells.
Aiming: Borgnjor's Vile Clutch (mildly dangerous; 1% risk of failure)
Press: ? - help, Shift-Dir - straight line, f - boulder beetle
Aim: a boulder beetle (almost dead, rolling, 100% to hit)
You feel a surge of power!
Zombie hands grab the boulder beetle.
* * * LOW HITPOINT WARNING * * *
The zombie hands constrict the boulder beetle.
The boulder beetle struggles to escape constriction.
Throw: 10 javelins
Press: ? - help, Shift-Dir - straight line, f/p - boulder beetle
Aim: a boulder beetle (sparse dust, almost dead, rolling, constricted by zombie hands, 98% to hit)
You throw a javelin.
The javelin pierces through the boulder beetle but does no damage.
The boulder beetle is almost dead.
The zombie hands constrict the boulder beetle.
The boulder beetle escapes!
Casting: Borgnjor's Vile Clutch (mildly dangerous; 1% risk of failure)
Confirm with . or Enter, or press ? or * to list all spells.
You erupt in a blast of force!
The mystic blast hits the boulder beetle but does no damage.
The boulder beetle is almost dead.
* * * LOW HITPOINT WARNING * * *
The boulder beetle hits you!!!
You die...

#......######## #....
#.####........# #####
#.#.....#####.# #.#.##.##
#.# ##### #......#
#.######...# ###.####
#..........# ####.###
########...#
#.....^###############.##
#.##.#.##.@..........#.#
#.*#...##.B......###.#.####
#.*###.##.°......#*#.#.#...
#.####.##.°......##.#......
#...............####.#.#...
####.#.##.......# ###.####
#.#.##.(.....# *###.#
#.#.##.####### *....#
#........# *.####


You could see a boulder beetle (rolling).

Vanquished Creatures
  Louise (D:14)
  An orc warlord (Bailey)
  Snorg (D:10)
  An ettin (D:15)
  8 hydras
  Harold (Lair:2)
  Erica (Lair:1)
  2 two-headed ogres
  A centaur warrior (D:15)
  4 boulder beetles
  The ghost of ElricMelnibone the Covered, a novice AtMo of the Shining One (D:9)
  3 death yaks (Lair:4)
  2 tengu warriors (D:15)
  Nergalle (Lair:1)
  5 skeletal warriors (D:11)
  A fire crab (Lair:4)
  A skyshark (Lair:4)
  A deep troll (D:15)
  3 bog bodies
  Pikel (D:5)
  2 necromancers
  An ugly thing (D:7)
  3 cyclopes
  A manticore (D:7)
  4 black mambas
  2 ice statues (IceCv)
  7 elephants (Lair:5)
  2 gargoyles
  A torpor snail (Lair:4)
  14 cane toads
  A rime drake (Lair:5)
  2 unseen horrors
  A freezing wraith (IceCv)
  2 kobold demonologists (D:12)
  7 komodo dragons
  7 ice devils
  Jeremiah (Lair:1)
  2 anaconda simulacra (IceCv)
  A troll (D:9)
  A troll (shapeshifter) (D:15)
  6 polar bears
  Prince Ribbit (D:6)
  4 hornets (Lair:5)
  7 blink frogs
  3 dream sheep
  A slime creature (D:7)
  9 spriggans (Lair:5)
  54 yaks
  2 shadows
  Eustachio (D:5)
  4 dire elephant simulacra (IceCv)
  2 wyverns
  4 basilisks
  A redback (Lair:2)
  Menkaure (D:4)
  14 water moccasins
  A harpy simulacrum (IceCv)
  An acid dragon (D:8)
  3 hydra simulacra (IceCv)
  An ice beast (D:7)
  10 orc warriors
  2 black bears
  3 sky beasts
  An ogre (D:5)
  4 boggarts (Lair:5)
  16 wolves
  2 centaurs
  A lemure (D:5)
  2 kobold brigands
  3 gnoll sergeants
  20 bullfrogs
  A scorpion (D:6)
  A two-headed ogre simulacrum (IceCv)
  9 wights
  10 killer bees
  An elephant simulacrum (IceCv)
  A bombardier beetle (D:7)
  4 howler monkeys (D:9)
  A jelly (D:6)
  2 gnoll boudas
  2 orc priests
  4 hounds
  A sleepcap (D:7)
  An iguana (D:6)
  14 orc wizards
  A polar bear simulacrum (IceCv)
  A spriggan simulacrum (IceCv)
  Terence (D:3)
  13 gnolls
  7 adders
  3 white imps
  4 dart slugs
  4 ribbon worms
  35 orcs
  3 ball pythons
  5 bats
  2 endoplasms
  11 giant cockroaches
  14 goblins
  8 hobgoblins
  5 jackals
  24 kobolds
  2 quokkas (D:3)
  A frilled lizard (D:3)
  5 rats
487 creatures vanquished.

Vanquished Creatures (collateral kills)
  Rupert (Lair:5)
  A pharaoh ant (Lair:2)
  6 elephants
  A black mamba (Lair:2)
  A cane toad (Lair:4)
  A rime drake (Lair:2)
  2 polar bears (Lair:5)
  A jumping spider (Lair:2)
  3 spriggans (Lair:5)
  8 yaks
  A water moccasin (Lair:2)
  2 black bears (Lair:5)
  A wolf (Lair:5)
  A boggart (Lair:5)
  A scorpion (Lair:2)
31 creatures vanquished.

Vanquished Creatures (others)
  A fire dragon (D:14)
  130 fulminant prisms
131 creatures vanquished.

Grand Total: 649 creatures vanquished

Notes
Turn   | Place    | Note
-------+----------+-------------------------------------------
     0 | D:1      | bonscott the Djinni Conjurer began the quest for the Orb.
     0 | D:1      | bonscott set off with the following spells memorised: Magic
                  | Dart, Searing Ray, Fulminant Prism, Iskenderun's Mystic
                  | Blast.
     0 | D:1      | Reached XP level 1. HP: 15/15 MP: 0/0
   180 | D:1      | Reached XP level 2. HP: 18/21 MP: 0/0
   249 | D:1      | Found a faded altar of an unknown god.
   687 | D:2      | Reached XP level 3. HP: 23/25 MP: 0/0
   687 | D:2      | Learned a level 1 spell: Necrotise
  1121 | D:2      | Reached XP level 4. HP: 23/31 MP: 0/0
  1853 | D:3      | Noticed Terence
  1868 | D:3      | Killed Terence
  1869 | D:3      | Reached skill level 5 in Spellcasting
  1869 | D:3      | Reached skill level 5 in Conjurations
  1869 | D:3      | Reached skill level 5 in Hexes
  1869 | D:3      | Reached skill level 5 in Summonings
  1869 | D:3      | Reached skill level 5 in Necromancy
  1869 | D:3      | Reached skill level 5 in Translocations
  1869 | D:3      | Reached skill level 5 in Fire Magic
  1869 | D:3      | Reached skill level 5 in Ice Magic
  1869 | D:3      | Reached skill level 5 in Air Magic
  1869 | D:3      | Reached skill level 5 in Earth Magic
  1869 | D:3      | Reached skill level 5 in Alchemy
  1869 | D:3      | Reached XP level 5. HP: 22/35 MP: 0/0
  1869 | D:3      | Learned a level 2 spell: Jinxbite
  2162 | D:3      | Found a burning altar of Makhleb.
  2162 | D:3      | Noticed a blizzard demon
  2166 | D:3      | Noticed a hellwing
  2166 | D:3      | Noticed a neqoxec
  2168 | D:3      | Became a worshipper of Makhleb the Destroyer
  2384 | D:4      | Found a staircase to the Ecumenical Temple.
  2403 | D:4      | Found a bloodstained altar of Trog.
  2408 | D:4      | Found an ornate altar of the Wu Jian Council.
  2506 | D:4      | Found a glowing golden altar of the Shining One.
  2687 | D:4      | Found a white marble altar of Elyvilon.
  2694 | D:4      | Noticed Menkaure
  2702 | D:4      | Killed Menkaure
  2703 | D:4      | Reached XP level 6. HP: 35/40 MP: 0/0
  2770 | D:5      | Entered Level 5 of the Dungeon
  2876 | D:5      | Noticed Pikel
  2956 | D:5      | Reached skill level 1 in Armour
  3125 | D:5      | Killed Pikel
  3126 | D:5      | Reached XP level 7. HP: 22/52 MP: 0/0
  3126 | D:5      | Learned a level 3 spell: Mephitic Cloud
  3126 | D:5      | Reached XP level 8. HP: 24/58 MP: 0/0
  3429 | D:5      | Found Cexuysut's Self-Improvement Boutique.
  3491 | D:5      | Noticed Eustachio
  3502 | D:5      | Killed Eustachio
  3886 | D:5      | Found a snail-covered altar of Cheibriados.
  3928 | D:5      | Found a hazy altar of Hepliaklqana.
  3947 | D:5      | Reached * piety under Makhleb
  4041 | D:6      | Identified the +2 pair of gloves of Iliemod {rCorr Str-4
                  | Dex+7}
  4227 | D:6      | Reached XP level 9. HP: 55/62 MP: 0/0
  4227 | D:6      | Learned a level 3 spell: Swiftness
  4590 | D:6      | Noticed Prince Ribbit
  4603 | D:6      | Killed Prince Ribbit
  5138 | D:6      | Identified 2 scrolls of acquirement
  5138 | D:6      | Acquired the +1 buckler "Jozxee" {Rampage +Blink rC+
                  | Stlth-}
  5139 | D:6      | Acquired the ring "Koji" {+Blink rPois Dex+3 Slay+4 Stlth-}
  5353 | D:8      | Found a flagged portal.
  5364 | Bailey   | Entered a bailey
  5416 | Bailey   | Noticed an orc warlord
  5417 | Bailey   | Reached ** piety under Makhleb
  5618 | Bailey   | Found a runed translucent gate.
  5618 | Bailey   | Found a runed translucent gate.
  5618 | Bailey   | Found a runed translucent gate.
  5734 | Bailey   | Killed an orc warlord
  5735 | Bailey   | Reached skill level 10 in Spellcasting
  5735 | Bailey   | Reached skill level 10 in Conjurations
  5735 | Bailey   | Reached skill level 10 in Hexes
  5735 | Bailey   | Reached skill level 10 in Summonings
  5735 | Bailey   | Reached skill level 10 in Necromancy
  5735 | Bailey   | Reached skill level 10 in Translocations
  5735 | Bailey   | Reached skill level 10 in Fire Magic
  5735 | Bailey   | Reached skill level 10 in Ice Magic
  5735 | Bailey   | Reached skill level 10 in Air Magic
  5735 | Bailey   | Reached skill level 10 in Earth Magic
  5735 | Bailey   | Reached skill level 10 in Alchemy
  5735 | Bailey   | Reached XP level 10. HP: 32/67 MP: 0/0
  5895 | Bailey   | Acquired the staff "Etsagios" {rF+ rN+ rCorr Int+2 Stlth+
                  | Necro}
  5896 | Bailey   | Acquired the ring of the Hare {EV+10}
  5896 | Bailey   | Found the ring of the Hare {EV+10}
  6098 | D:9      | Reached skill level 1 in Shields
  6229 | D:9      | Noticed a komodo dragon
  6230 | D:9      | Killed a komodo dragon
  6551 | D:9      | Found Nueduics's Antique Weapon Shoppe.
  6561 | D:9      | Reached *** piety under Makhleb
  6650 | D:10     | Entered Level 10 of the Dungeon
  6802 | D:10     | Noticed Snorg
  6814 | D:10     | Killed Snorg
  6815 | D:10     | Reached XP level 11. HP: 60/73 MP: 0/0
  6815 | D:10     | Learned a level 4 spell: Summon Lightning Spire
  7066 | D:9      | Found a staircase to the Lair.
  7076 | Lair:1   | Entered Level 1 of the Lair of Beasts
  7099 | Lair:1   | Noticed Jeremiah
  7257 | Lair:1   | Killed Jeremiah
  7304 | Lair:2   | Noticed Harold
  7315 | Lair:2   | Killed Harold
  7330 | Lair:2   | Reached skill level 5 in Evocations
  7523 | Lair:3   | Noticed a five-headed hydra
  7527 | Lair:3   | Reached XP level 12. HP: 53/78 MP: 0/0
  7530 | Lair:3   | Killed a five-headed hydra
  7694 | Lair:3   | Reached **** piety under Makhleb
  7797 | Lair:3   | Identified the ring of the Messenger {rF++ rCorr Str+6
                  | Int+2 SInv}
  7853 | Lair:4   | Noticed an eight-headed hydra
  7859 | Lair:4   | Killed an eight-headed hydra
  7878 | Lair:4   | Noticed a death yak
  7895 | Lair:4   | Noticed a death yak
  7897 | Lair:4   | Killed a death yak
  7901 | Lair:4   | Noticed a death yak
  7909 | Lair:4   | Killed a death yak
  7912 | Lair:4   | Killed a death yak
  8182 | Lair:5   | Entered Level 5 of the Lair of Beasts
  8182 | Lair:5   | Noticed a boulder beetle
  8199 | Lair:5   | Killed a boulder beetle
  8210 | Lair:5   | Noticed a seven-headed hydra
  8224 | Lair:5   | Killed a seven-headed hydra
  8225 | Lair:5   | Reached XP level 13. HP: 70/83 MP: 0/0
  8225 | Lair:5   | Learned a level 5 spell: Borgnjor's Vile Clutch
  8325 | Lair:5   | Noticed Rupert
  8341 | Lair:5   | Killed Rupert
  8341 | Lair:5   | Reached ***** piety under Makhleb
  8510 | Lair:5   | Reached skill level 15 in Spellcasting
  8510 | Lair:5   | Reached skill level 15 in Conjurations
  8510 | Lair:5   | Reached skill level 15 in Hexes
  8510 | Lair:5   | Reached skill level 15 in Summonings
  8510 | Lair:5   | Reached skill level 15 in Necromancy
  8510 | Lair:5   | Reached skill level 15 in Translocations
  8510 | Lair:5   | Reached skill level 15 in Fire Magic
  8510 | Lair:5   | Reached skill level 15 in Ice Magic
  8510 | Lair:5   | Reached skill level 15 in Air Magic
  8510 | Lair:5   | Reached skill level 15 in Earth Magic
  8510 | Lair:5   | Reached skill level 15 in Alchemy
  8716 | Lair:5   | Got an earthy gem with 2270 turns to spare
  8775 | Lair:5   | Reached skill level 10 in Evocations
  8889 | Lair:5   | Noticed a minotaur
  8889 | Lair:5   | Noticed Serogusm's ghost (journeyman CeHs)
  9067 | Lair:5   | Reached XP level 14. HP: 87/89 MP: 0/0
  9178 | Lair:5   | Found a runed translucent gate.
  9178 | Lair:5   | Found a runed translucent gate.
  9178 | Lair:5   | Found a runed translucent gate.
  9543 | Lair:4   | Reached skill level 5 in Fighting
  9752 | Lair:4   | You are sucked into a shaft and drop 1 floor!
 10103 | Lair:4   | Found a staircase to the Slime Pits.
 10104 | Lair:4   | Found a viscous altar of Jiyva.
 10213 | Lair:2   | Found a staircase to the Swamp.
 10232 | Lair:2   | Reached ****** piety under Makhleb
 10358 | Lair:2   | Identified the +2 dagger of Lang {spect, rPois Dex+3}
 10568 | Lair:2   | Found a hole to the Spider Nest.
 11160 | Lair:1   | Noticed Nergalle
 11160 | Lair:1   | Noticed Erica
 11171 | Lair:1   | Killed Nergalle
 11171 | Lair:1   | Killed Erica
 11172 | Lair:1   | Reached skill level 10 in Fighting
 11172 | Lair:1   | Reached skill level 1 in Throwing
 11648 | D:11     | Reached XP level 15. HP: 107/107 MP: 0/0
 11648 | D:11     | Learned a level 6 spell: Dispersal
 11743 | D:11     | Found a frozen archway.
 11764 | IceCv    | Entered an ice cave
 12033 | IceCv    | Reached skill level 5 in Throwing
 12450 | D:14     | Noticed Louise
 12453 | D:14     | Reached skill level 5 in Armour
 12479 | D:14     | Killed Louise
 12621 | D:15     | Entered Level 15 of the Dungeon
 12718 | D:15     | Found a staircase to the Depths.
 12721 | D:15     | Got a smoky gem with 1555 turns to spare
 12954 | D:7      | Found Lafroed's Jewellery Shoppe.
 12957 | D:7      | Found a shimmering altar of Xom.
 13209 | D:7      | Found Odae's Gadget Gallery.
 13822 | D:8      | Identified the +11 battleaxe "Bocichil" {venom, rN++}
 13924 | D:8      | Found a glowing silver altar of Zin.
 14237 | D:9      | Found a runed translucent door.
 14304 | D:9      | Noticed ElricMelnibone's ghost (novice AtMo)
 14321 | D:9      | Killed ElricMelnibone's ghost
 14902 | D:11     | Found Alai's Assorted Antiques.
 15063 | D:12     | Noticed Fannar
 15073 | D:11     | Demolished by a boulder beetle

Illustrated notes

Levels and vault maps discovered:
D:1:      sevenhm_arrival_forest_fort_large_2, layout_basic, serial_glass,
          glass_columns_a, glass_columns_a, dreamdust_ecumenical_altar_statues,
          dreamdust_princess_bridge
D:2:      minmay_roachtagon, layout_loops_corners
D:3:      layout_basic, makhleb_altar_promises_db, uniq_terence
D:4:      layout_rooms, mainiacjoe_overflow_24_doors,
          chequers_temple_overflow_statue_of_worship, elyvilon_altar_5,
          temple_fountains, minmay_misc_feat_alley, minmay_statues_item,
          uniq_menkaure
D:5:      layout_loops_ring, amcnicky_altar_gilded, cheibrodos_worm_habitat,
          nicolae_shop_self_help, uniq_eustachio, uniq_pikel
D:6:      layout_basic, uniq_prince_ribbit1
D:7:      minmay_the_grid_triangle_9x9_rhombus_thin
          [minmay_the_grid_triangle_9x9_shrine,
          minmay_the_grid_triangle_9x9_prize_top_heavy,
          minmay_the_grid_triangle_9x9_corruption,
          minmay_the_grid_triangle_9x9_checkered], layout_gridville,
          serial_shops, nicolae_shop_tiny_real_fake_doors,
          hangedman_feature_mirror, nicolae_shop_gadgets
D:8:      layout_gridville, zin_scriptorium, enter_bailey_5
D:9:      minmay_inner_zag, layout_stronghold, lair_entry_dummy,
          ebering_ghost_reflecting_pool, serial_shops, kennysheep_mini
D:10:     layout_rooms, palyth_temple_overflow_mages, uniq_snorg
D:11:     layout_loops_cross, serial_shops, nicolae_shop_waterfront,
          portal_ice_cave_demonic_guard
D:12:     layout_cave_pools, minmay_orc_entry_guard_dogs, uniq_fannar
D:13:     layout_basic, erik_vaults_2
D:14:     layout_roguey, st_stairs_7, uniq_louise
D:15:     hangedman_depths_entry_civil_slaughter, layout_rooms,
          nicolae_wu_jian_immortal_techniques, gammafunk_ghost_grave,
          nicolae_doodle_vault
Lair:1:   layout_gridlike, beast_lair_carwin_1, uniq_jeremiah, uniq_erica,
          uniq_nergalle
Lair:2:   layout_cave_pods, skrybe_swamp_entry_bodies,
          nicolae_spider_entry_lesser_pyramids, lemuel_fruit_tree, uniq_harold
Lair:3:   layout_chaotic_city, grunt_forest_small_clearings,
          dreamdust_gnoll_shepherd, serial_bayou_shore_a
Lair:4:   nzn_winding_woodlands_small [nzn_winding_woodlands_5x15_longhouse,
          nzn_winding_woodlands_center_lodge,
          nzn_winding_woodlands_5x15_sawtooth], layout_layer_cave,
          slime_entry_1, st_stairs_12, grunt_megastairs_1
Lair:5:   minmay_lair_end_enchanted_forest, layout_concentric_octagons,
          maelrawn_ghost_gauntlet_escape, grunt_megastairs_2, uniq_rupert

Skill      XL: |  1  2  3  4  5  6  7  8  9 10 11 12 13 14 15 |
---------------+----------------------------------------------+-----
Spellcasting   | 4 5 6 7 10 11 12 13 15 | 15.0
Conjurations   | 4 5 6 7 10 11 12 13 15 | 15.0
Hexes          | 4 5 6 7 10 11 12 13 15 | 15.0
Summonings     | 4 5 6 7 10 11 12 13 15 | 15.0
Necromancy     | 4 5 6 7 10 11 12 13 15 | 15.0
Translocations | 4 5 6 7 10 11 12 13 15 | 15.0
Fire Magic     | 4 5 6 7 10 11 12 13 15 | 15.0
Ice Magic      | 4 5 6 7 10 11 12 13 15 | 15.0
Air Magic      | 4 5 6 7 10 11 12 13 15 | 15.0
Earth Magic    | 4 5 6 7 10 11 12 13 15 | 15.0
Alchemy        | 4 5 6 7 10 11 12 13 15 | 15.0
Armour         | 4 8 |  8.0
Fighting       | 4 10 | 10.9
Shields        | 4 |  4.0
Dodging        | 4 |  4.0
Evocations     | 7 9 10 12 | 12.0
Throwing       | 2 6 |  6.0
Stealth        | |  1.5

Action                     |  1- 3 |  4- 6 |  7- 9 | 10-12 | 13-15 || total
---------------------------+-------+-------+-------+-------+-------++-------
  Melee: Short sword       |     2 |     3 |       |       |       ||     5
         Staff             |       |       |       |     3 |    15 ||    18
  Throw: Dart              |       |     2 |       |       |       ||     2
         Throwing net      |       |       |       |       |     2 ||     2
         Javelin           |       |       |       |       |     1 ||     1
   Cast: Magic Dart        |    51 |    92 |    78 |   110 |   391 ||   722
         Necrotise         |     5 |       |       |       |       ||     5
         Searing Ray       |       |    12 |    11 |     5 |     4 ||    32
         Jinxbite          |       |     1 |       |       |       ||     1
         Iskenderun's Myst |       |     2 |    21 |    89 |   255 ||   367
         Fulminant Prism   |       |       |    36 |    54 |    40 ||   130
         Swiftness         |       |       |     1 |       |       ||     1
         Mephitic Cloud    |       |       |       |     6 |     5 ||    11
         Summon Lightning  |       |       |       |     7 |    21 ||    28
         Borgnjor's Vile C |       |       |       |       |   135 ||   135
  Evoke: Wand              |       |       |     3 |     1 |     4 ||     8
    Use: Scroll            |     1 |     8 |     6 |     7 |     7 ||    29
         Potion            |       |     2 |       |     1 |     2 ||     5
 Armour: Robe              |     4 |    20 |     4 |       |       ||    28
         Acid dragon scale |       |       |       |    15 |       ||    15
         Troll leather arm |       |       |       |     2 |    30 ||    32
  Dodge: Dodged            |     8 |    32 |     5 |    27 |    52 ||   124
  Block: Other             |       |       |     2 |     1 |       ||     3
         Reflection        |       |       |     2 |       |       ||     2
         Buckler           |       |       |       |     9 |    17 ||    26
